 Dungeon Crawl Stone Soup version 0.28-b1-1-g3c77fb2ed1 (webtiles) character file.

Game seed: 11393128989048263312

2573 4FPSwarrior the Ruffian (level 9, 0/78 HPs)
             Began as a Red Draconian Transmuter on Jan 28, 2022.
             Was a Follower of Qazlal.
             Killed from afar by an acid dragon (15 damage)
             ... with a splash of acid
             ... on level 8 of the Dungeon.
             The game lasted 00:20:28 (8628 turns).

4FPSwarrior the Ruffian (Red Draconian Transmuter)  Turns: 8628, Time: 00:20:29

Health: 0/78       AC:  4    Str: 15    XL:     9   Next: 32%
Magic:  7/15       EV: 12    Int: 13    God:    Qazlal [*.....]
Gold:   264        SH:  1    Dex: 14    Spells: 9/16 levels left

rFire   + . .      SeeInvis .     - Unarmed
rCold   . . .      Faith    .   (no shield)
rNeg    . . .      Spirit   .   (armour unavailable)
rPois   .          Reflect  .   (helmet currently unavailable)
rElec   .          Harm     .   (no cloak)
rCorr   .          Rampage  .   i - +0 pair of gloves
Will    .....                   (boots currently unavailable)
Stlth   +.........              (no amulet)
HPRegen 0.23/turn               (no ring)
MPRegen 0.14/turn               (no ring)

@: appendages, corroded, very slightly contaminated
A: horns 2, talons 2, breathe fire, AC +7, unfitting armour, fire resistance 1,
cold-blooded
a: Breathe Fire, End Transformation, Renounce Religion


You were on level 8 of the Dungeon.
You worshipped Qazlal.
Qazlal was aware of your devotion.
You had temporarily grown beastly horns and talons.
You visited 2 branches of the dungeon, and saw 9 of its levels.

You collected 264 gold pieces.

Inventory:

Armour
 i - a +0 pair of gloves (worn)
 m - a +0 pair of boots (melded)
Jewellery
 j - a ring of willpower
 l - an amulet of faith
 n - a ring of ice
Wands
 c - a wand of flame (12)
Potions
 a - a potion of experience {unknown}
 d - a potion of invisibility {unknown}
 e - 3 potions of flight
 f - a potion of lignification
 g - 2 potions of curing {unknown}
 h - a potion of might {unknown}
 k - 2 potions of degeneration


   Skills:
 + Level 6.5 Fighting
 - Level 1.7 Dodging
 + Level 6.6 Unarmed Combat
 + Level 4.0 Spellcasting
 + Level 6.2 Transmutations
 - Level 4.0 Ice Magic
 + Level 4.0 Invocations


You had 9 spell levels left.
You knew the following spells:

 Your Spells              Type           Power      Damage    Failure   Level
a - Beastly Appendage     Tmut           36%        N/A       1%          1
b - Wereblood             Tmut           18%        N/A       2%          2
c - Ice Form              Ice/Tmut       15%        N/A       26%         4

Your spell library contained the following spells:

 Spells                   Type           Power      Damage    Failure   Level
 Spider Form              Tmut/Pois      10%        N/A       17%         3


Dungeon Overview and Level Annotations

Branches:
Dungeon (8/15)             Temple (1/1) D:4
   Lair: D:8-11

Altars:
Ashenzari
Cheibriados
Dithmenos
Elyvilon
Fedhas
Gozag
Hepliaklqana
Kikubaaqudgha
Makhleb
Nemelex Xobeh
Okawaru
Qazlal
Ru
Trog
Uskayaw
Vehumet
Wu Jian
Xom
Yredelemnul
Zin
The Shining One


Innate Abilities, Weirdness & Mutations

You have temporarily grown beastly horns and talons.
You can breathe blasts of fire.
Your fiery red scales are hard. (AC +7)
You cannot fit into any form of body armour.
Your flesh is heat resistant. (rF+)
You are cold-blooded and may be slowed by cold attacks.


Message History

You are very lightly contaminated with residual magic.
You feel very strange. The acid dragon spits acid at you.
The splash of acid hits you!!
You see here a yellow potion.
The acid dragon spits acid at you. The splash of acid hits you!
The acid corrodes you!
Casting: Ice Form (dangerous; 26% risk of failure)
Confirm with . or Enter, or press ? or * to list all spells.
You miscast Ice Form.
Nothing appears to happen.
You hit the acid dragon.
The acid dragon is moderately wounded.
You barely miss the acid dragon. You tail-slap the acid dragon.
The acid dragon is moderately wounded.
The acid dragon barely misses you. The acid dragon closely misses you.
Casting: Ice Form (dangerous; 26% risk of failure)
Confirm with . or Enter, or press ? or * to list all spells.
You grow a pair of large bovine horns.
Your feet morph into talons.
Your +0 pair of boots melds into your body.
The acid dragon bites you!
* * * LOW HITPOINT WARNING * * *
The acid dragon claws you.
* * * LOW HITPOINT WARNING * * *
You barely miss the acid dragon. You claw the acid dragon.
You tail-slap the acid dragon, but do no damage.
Your punch misses the acid dragon.
The acid dragon is heavily wounded.
The acid dragon bites you.
* * * LOW HITPOINT WARNING * * *
The acid dragon claws you but does no damage.
You hit the acid dragon but do no damage.
Your kick misses the acid dragon.
The acid dragon is heavily wounded.
The acid dragon barely misses you. x2
You hit the acid dragon.
You claw the acid dragon, but do no damage.
The acid dragon is severely wounded.
The acid dragon spits acid at you. The splash of acid hits you!
You die...

...... ....#..# ......
....#..### ##
.......###...#..... ....
#.#................ #..
#.#.##.#...........
.#..##.#.#..............
.......#.##.#.#.........
.......+.......!@D......
.......#........☼......#
.#......................
.#..##.######...........
...................#....
.#..)....#.#.......'....
.#...)...# #'##....#....
....)....# .. .....#....
##.....###


You could see an acid dragon (catching breath).

Vanquished Creatures
  3 yaks (D:6)
  A steam dragon (D:7)
  Edmund (D:5)
  Menkaure (D:7)
  A water moccasin (D:6)
  2 orc warriors
  An ice beast (D:7)
  2 sky beasts
  2 ogres
  2 bullfrogs
  2 scorpions
  2 water moccasin zombies (D:5)
  A wyvern skeleton (D:6)
  A howler monkey (D:5)
  2 bullfrog zombies
  A hound (D:5)
  An orc priest (D:8)
  4 iguanas
  Natasha (thrice) (D:4)
  A bullfrog skeleton (D:5)
  A hound skeleton (D:4)
  6 gnolls
  8 adders
  An ufetubus (D:5)
  A worm (D:2)
  3 dart slugs
  11 orcs
  6 endoplasms
  3 giant cockroaches (D:1)
  6 goblins
  8 hobgoblins
  4 jackals (D:1)
  3 quokkas
  5 ball pythons
  2 bats (D:2)
  8 frilled lizards
  A hobgoblin zombie (D:7)
  3 kobolds
  2 kobold zombies (D:7)
  An orc zombie (D:7)
  2 rats (D:1)
119 creatures vanquished.

Vanquished Creatures (others)
  5 plants (D:1)
5 creatures vanquished.

Grand Total: 124 creatures vanquished

Notes
Turn   | Place    | Note
-------+----------+-------------------------------------------
     0 | D:1      | 4FPSwarrior the Draconian Transmuter began the quest for
                  | the Orb.
     0 | D:1      | Reached XP level 1. HP: 16/16 MP: 3/3
   287 | D:1      | Found a faded altar of an unknown god.
   346 | D:1      | Reached XP level 2. HP: 24/24 MP: 5/5
   502 | D:1      | Learned a level 2 spell: Wereblood
   784 | D:1      | Reached XP level 3. HP: 29/29 MP: 6/6
  1949 | D:2      | Reached XP level 4. HP: 32/37 MP: 5/7
  2567 | D:3      | Reached XP level 5. HP: 45/45 MP: 4/8
  2879 | D:3      | Found a glowing golden altar of the Shining One.
  2933 | D:4      | Learned a level 4 spell: Ice Form
  2981 | D:4      | Identified the +8 hand axe "Cunt" {holy, *Noise rF++}
  3012 | D:4      | Found a staircase to the Ecumenical Temple.
  3017 | Temple   | Entered the Ecumenical Temple
  3083 | Temple   | Became a worshipper of Qazlal Stormbringer
  3314 | D:4      | Noticed Natasha
  3325 | D:4      | Killed Natasha
  3442 | D:4      | Noticed Natasha
  3450 | D:4      | Killed Natasha
  3451 | D:4      | Reached skill level 1 in Ice Magic
  3551 | D:4      | Noticed Natasha
  3561 | D:4      | Killed Natasha
  3562 | D:4      | Reached XP level 6. HP: 49/52 MP: 9/9
  3827 | D:5      | Entered Level 5 of the Dungeon
  3930 | D:5      | Noticed Edmund
  3942 | D:5      | Your scales start taking on a fiery red colour.
  3942 | D:5      | Reduced skill Ice Magic to level 1
  3942 | D:5      | Reached XP level 7. HP: 52/60 MP: 8/10
  3942 | D:5      | Gained mutation: Your flesh is heat resistant. (rF+) [Red
                  | Draconian growth]
  3948 | D:5      | Reached skill level 5 in Unarmed Combat
  4101 | D:5      | Found a hazy altar of Hepliaklqana.
  4444 | D:5      | Reached * piety under Qazlal
  4486 | D:5      | Found an iron altar of Okawaru.
  5133 | D:6      | Noticed a yak
  5133 | D:6      | Noticed a yak
  5133 | D:6      | Noticed a yak
  5216 | D:6      | Found an ancient bone altar of Kikubaaqudgha.
  5222 | D:6      | Found a snail-covered altar of Cheibriados.
  5226 | D:6      | Found a glowing silver altar of Zin.
  5228 | D:6      | Found an opulent altar of Gozag.
  5228 | D:6      | Found a bloodstained altar of Trog.
  5228 | D:6      | Found a radiant altar of Vehumet.
  5229 | D:6      | Found a blossoming altar of Fedhas.
  5233 | D:6      | Found a basalt altar of Yredelemnul.
  5521 | D:6      | Reached skill level 5 in Fighting
  5951 | D:6      | Killed a yak
  5952 | D:6      | Reached skill level 5 in Transmutations
  5952 | D:6      | Reached skill level 1 in Invocations
  5952 | D:6      | Reached XP level 8. HP: 41/68 MP: 9/11
  6752 | D:7      | Noticed Menkaure
  6767 | D:7      | Killed Menkaure
  6977 | D:7      | Noticed a two-headed ogre
  7052 | D:5      | Killed Edmund
  7505 | D:7      | Reached XP level 9. HP: 75/75 MP: 14/14
  8628 | D:8      | Killed from afar by an acid dragon

Illustrated notes

Levels and vault maps discovered:
D:1:      eino_arrival_tree_alley, layout_rooms,
          shapermc_ecumenical_altar_mp_ritualfount, minivault_25,
          hangedman_decor_growths, roderic_lattice_a, minmay_lizard_king
D:2:      layout_loops_ring
D:3:      layout_rooms, tso_oasis_becter, lemuel_another_geyser
D:4:      layout_cave_pools, minmay_temple_entry_wispy,
          chequers_serial_rivers_marsh, uniq_natasha
D:5:      layout_loops_ring, nicolae_hepliaklqana_hazy_memory,
          okawaru_metal_pillars_1_2, due_unseen_surprise, uniq_edmund
D:6:      layout_loops_ring, minitemple, dk_rats_in_the_wall
D:7:      layout_gridville, minmay_mini_ossuary, uniq_menkaure,
          uniq_crazy_yiuf_cottage
D:8:      layout_basic, enter_bailey_7
Temple:   cyrus_temple_forest

Skill      XL: |  1  2  3  4  5  6  7  8  9 |
---------------+----------------------------+-----
Fighting       | 2 3 4 5 6 |  6.5
Transmutations | 3 4 5 6 |  6.2
Unarmed Combat | 4 5 6 |  6.6
Ice Magic      | 1 1 2 3 4 |  4.0
Invocations    | 1 3 4 |  4.0
Spellcasting   | 3 4 |  4.0
Dodging        | |  1.7

Action                   |  1- 3 |  4- 6 |  7- 9 || total
-------------------------+-------+-------+-------++-------
Melee: Unarmed           |   129 |   109 |   216 ||   454
       Tailslap          |    12 |    13 |    37 ||    62
       Kick              |    13 |    29 |    71 ||   113
       Headbutt          |     7 |    21 |    25 ||    53
       Punch             |     2 |     3 |    10 ||    15
 Cast: Beastly Appendage |    10 |    20 |    24 ||    54
       Wereblood         |       |     1 |     1 ||     2
 Abil: Breathe Fire      |       |       |    12 ||    12
  Use: Scroll            |       |     4 |       ||     4
       Potion            |       |       |     3 ||     3
 Stab: Distracted        |       |     1 |       ||     1
       Sleeping          |       |       |     1 ||     1
Armor: Skin              |    34 |    30 |    64 ||   128
Dodge: Dodged            |    66 |    60 |   110 ||   236
Block: Other             |       |       |     7 ||     7
